[Event "Titled Tuesday Blitz February 14 Late 2023"]
[White "Richter, Paul"]
[Black "Wang, Alexander J"]
[WhiteFideId "2046350"]
[BlackFideId "30955270"]
[WhiteElo "2171"]
[BlackElo "1815"]
[Result "1-0"]
[Round "01"]
[TimeControl "180+2"]
[Date "2023.02.14"]
[WhiteClock "0:00:19"]
[BlackClock "0:00:11"]

1. e4 c5 2. Nf3 d6 3. d4 cxd4 4. Nxd4 Nf6 5. Nc3 g6 6. Be3 Bg7 7. f3 O-O 8. Qd2 Nc6 9. O-O-O d5 10. Qe1 e5 11. Nxc6 bxc6 12. exd5 Nxd5 13. Bc4 Be6 14. Ne4 f5 15. Ng5 Bf7 16. Nxf7 Rxf7 17. Bb3 Rd7 18. Bc5 a5 19. g4 fxg4 20. fxg4 a4 21. Bc4 Kh8 22. h4 a3 23. b3 e4 24. Bd4 Nf6 25. Qg1 c5 26. Bxc5 Rxd1+ 27. Qxd1 Qxd1+ 28. Rxd1 Nxg4 29. Re1 Re8 30. Bxa3 Bh6+ 31. Kb1 Bd2 32. Bb2+ 1-0


[Site "https://www.chess.com"]

[Event "Titled Tuesday Blitz February 14 Late 2023"]
[White "Tarnowska, Aleksandra"]
[Black "Golubev, Mikhail"]
[WhiteFideId "1180967"]
[BlackFideId "14100983"]
[WhiteElo "1835"]
[BlackElo "2461"]
[Result "1-0"]
[Round "01"]
[TimeControl "180+2"]
[Date "2023.02.14"]
[WhiteClock "0:00:02"]
[BlackClock "0:00:04"]

1. e4 c5 2. Nf3 d6 3. Bb5+ Bd7 4. Bxd7+ Nxd7 5. O-O Ngf6 6. d3 e6 7. Nc3 Be7 8. Ne2 O-O 9. Ng3 Rc8 10. h3 Qc7 11. Nh2 d5 12. exd5 Nxd5 13. Ng4 c4 14. dxc4 Qxc4 15. c3 Rfd8 16. Qf3 f5 17. Ne3 Nxe3 18. Bxe3 Ne5 19. Qf4 Qxf4 20. Bxf4 Nd3 21. Bc1 Nxc1 22. Raxc1 Rd2 23. Rb1 Bc5 24. Nh1 Rcd8 25. Rfe1 Kf7 26. b4 Bb6 27. a4 Rc2 28. a5 Bc7 29. Rbc1 Rdd2 30. c4 Bf4 31. Rxc2 Rxc2 32. g3 1-0


[Site "https://www.chess.com"]

[Event "Titled Tuesday Blitz February 14 Late 2023"]
[White "Maltsevskaya, Aleksandra"]
[Black "Romero Ruscalleda, Josep"]
[WhiteFideId "24174041"]
[BlackFideId "2231859"]
[WhiteElo "2390"]
[BlackElo "2160"]
[Result "1-0"]
[Round "01"]
[TimeControl "180+2"]
[Date "2023.02.14"]
[WhiteClock "0:00:02"]
[BlackClock "0:00:02"]

1. Nf3 g6 2. g3 Bg7 3. Bg2 d6 4. O-O e5 5. d3 f5 6. c3 Nf6 7. Nbd2 O-O 8. e4 Nc6 9. exf5 gxf5 10. d4 e4 11. Nh4 d5 12. Re1 f4 13. f3 fxg3 14. hxg3 Nh5 15. fxe4 Nxg3 16. Nf5 Nxf5 17. exf5 Bxf5 18. Qh5 Ne7 19. Nf1 Bg6 20. Qg4 Nf5 21. Bg5 Qd7 22. Ng3 Rae8 23. Nxf5 Bxf5 24. Qg3 Be4 25. Rf1 Bxg2 26. Qxg2 Kh8 27. Rxf8+ Rxf8 28. Re1 Rf7 29. Re3 c6 30. Rg3 Qe6 31. Re3 Qg6 32. Bh4 Qb1+ 33. Kh2 Qf5 34. Bg3 Bf8 35. Be5+ Bg7 36. Rg3 Qh5+ 37. Kg1 Qd1+ 38. Kh2 Qh5+ 39. Rh3 Bxe5+ 40. dxe5 Qxe5+ 41. Kh1 Rg7 42. Qf2 Qe4+ 43. Kh2 Qe5+ 44. Kh1 h6 45. Qf8+ Kh7 46. Qf2 Qe4+ 47. Kh2 Qg6 48. Rf3 Qh5+ 49. Rh3 Qg4 50. Rh4 Qg6 51. Rf4 Qg5 52. Qc2+ Qg6 53. Qf2 Qh5+ 54. Rh4 Qe5+ 55. Kh1 b6 56. Qc2+ Kh8 57. Rxh6+ Kg8 58. Qf2 1-0


[Site "https://www.chess.com"]

[Event "Titled Tuesday Blitz February 14 Late 2023"]
[White "mestrefeitosa19"]
[Black "Machidon, Cristi"]
[BlackFideId "13904590"]
[WhiteElo "2187"]
[BlackElo "2301"]
[Result "0-1"]
[Round "01"]
[TimeControl "180+2"]
[Date "2023.02.14"]
[WhiteClock "0:00:13"]
[BlackClock "0:00:39"]

1. c4 Nc6 2. Nc3 e5 3. Nf3 Nf6 4. e3 Bb4 5. d4 Bxc3+ 6. bxc3 d6 7. Be2 O-O 8. O-O h6 9. a4 Bf5 10. Nd2 Re8 11. f3 exd4 12. cxd4 Rxe3 13. Ne4 Rxe2 14. Qxe2 Bxe4 15. fxe4 Nxd4 16. Qb2 c5 17. Qxb7 Rb8 18. Qxa7 Qe8 19. Bxh6 Rb2 20. Bf4 Qxe4 21. Rf2 Rxf2 22. Kxf2 Qxf4+ 23. Kg1 Ng4 24. Qa8+ Kh7 25. h3 Ne2+ 0-1


[Site "https://www.chess.com"]

[Event "Titled Tuesday Blitz February 14 Late 2023"]
[White "Kanyamarala, Tarun"]
[Black "ritanovikova"]
[WhiteFideId "45004714"]
[WhiteElo "2342"]
[BlackElo "2189"]
[Result "1-0"]
[Round "01"]
[TimeControl "180+2"]
[Date "2023.02.14"]
[WhiteClock "0:00:08"]
[BlackClock "0:00:20"]

1. e4 d5 2. exd5 Qxd5 3. d4 e5 4. dxe5 Qxd1+ 5. Kxd1 Nc6 6. Bb5 Bg4+ 7. Ke1 O-O-O 8. Be2 Nxe5 9. Bxg4+ Nxg4 10. h3 Re8+ 11. Ne2 Ne5 12. b3 Nf6 13. Bb2 Bb4+ 14. Bc3 Bxc3+ 15. Nbxc3 Nc6 16. Rd1 Nb4 17. Kd2 Ne4+ 18. Nxe4 Rxe4 19. Nc3 Rd8+ 20. Kc1 Red4 21. Rxd4 Rxd4 22. Re1 Nc6 23. Re3 Rd7 24. Rg3 g6 25. Re3 Re7 26. Rxe7 Nxe7 27. Ne4 f5 28. Nf6 h6 29. Kd2 c6 30. g4 Kc7 31. gxf5 Nxf5 32. Kd3 Kd6 33. Ke4 Kc5 34. c3 Kd6 35. Ng4 Ke6 36. f4 Nd6+ 37. Kf3 Nf5 38. Ke4 h5 39. Ne5 Ng3+ 40. Kf3 Nf1 41. Nxg6 Kf5 42. Ne7+ Ke6 43. Nc8 a6 44. Nb6 Nd2+ 45. Ke3 Nf1+ 46. Ke4 Ng3+ 47. Kf3 Nf1 48. Nc4 h4 49. Ne3 Nd2+ 50. Ke2 Nb1 51. Kd3 Na3 52. c4 b5 53. c5 b4 54. Ke4 Nb5 55. f5+ Kf6 56. Ng4+ Kf7 57. Ne5+ Kf6 58. Nxc6 Nc3+ 59. Kf4 Nxa2 60. Nb8 a5 61. Nd7+ Ke7 62. c6 Nc3 63. f6+ Kf7 64. Ke5 Nb5 65. Nc5 Nc7 66. Ne4 a4 67. bxa4 b3 68. Nd6+ Kf8 69. Nc4 Kf7 70. a5 Na6 71. Kd6 Kxf6 72. c7 Nxc7 73. Kxc7 Ke6 74. Kc6 Kf5 75. a6 Kf4 76. a7 Kg3 77. a8=Q Kxh3 78. Qa3 Kh2 79. Qxb3 h3 80. Qc2+ Kh1 81. Qd1+ Kg2 82. Ne3+ Kg3 83. Nf5+ Kf4 84. Qh1 Kxf5 85. Qxh3+ Kf4 86. Qb3 Ke5 87. Qd5+ Kf4 88. Kd6 Ke3 89. Ke6 Kf2 90. Ke5 Ke3 91. Qe4+ Kf2 92. Qd3 Kg2 93. Kf4 Kh2 94. Kg4 Kh1 95. Qe2 Kg1 96. Kh3 Kh1 97. Qf1# 1-0


[Site "https://www.chess.com"]

[Event "Titled Tuesday Blitz February 14 Late 2023"]
[White "O`Gorman, Tom"]
[Black "Curtis, John"]
[WhiteFideId "2508249"]
[BlackFideId "3200256"]
[WhiteElo "2355"]
[BlackElo "2292"]
[Result "1-0"]
[Round "01"]
[TimeControl "180+2"]
[Date "2023.02.14"]
[WhiteClock "0:00:23"]
[BlackClock "0:00:05"]

1. d4 Nf6 2. Nf3 g6 3. Nbd2 Bg7 4. e4 d6 5. Bb5+ c6 6. Bd3 O-O 7. O-O Nfd7 8. c3 e5 9. a4 a5 10. Nc4 Qc7 11. b3 Nb6 12. Ne3 Re8 13. Ba3 f5 14. dxe5 dxe5 15. Nc4 Nxc4 16. Bxc4+ Be6 17. Qe2 Bxc4 18. Qxc4+ Qf7 19. Qxf7+ Kxf7 20. Rad1 h6 21. Rfe1 f4 22. Nd2 b5 23. Nf3 Ra7 24. axb5 cxb5 25. Rd5 Rb7 26. Red1 b4 27. Bb2 bxc3 28. Bxc3 Rxb3 29. Bxe5 Rxf3 30. Bxg7 Rb3 31. Bxh6 f3 32. gxf3 Rxf3 33. Kg2 Ra3 34. f3 Rc8 35. Rb1 Na6 36. Rb7+ Ke6 37. Rb6+ Kf7 38. Rxa6 Rc2+ 39. Kg3 Rcc3 40. Rd7+ Ke8 41. Rh7 Rxf3+ 42. Kg4 Rf7 43. Ra8+ Ke7 44. Ra7+ Ke8 45. Rhxf7 Rg3+ 46. hxg3 1-0


[Site "https://www.chess.com"]

[Event "Titled Tuesday Blitz February 14 Late 2023"]
[White "Sabar, Ethmane Daouda"]
[Black "Lucassen, Mickey"]
[WhiteFideId "19600097"]
[BlackFideId "12919110"]
[WhiteElo "2040"]
[BlackElo "2023"]
[Result "0-1"]
[Round "01"]
[TimeControl "180+2"]
[Date "2023.02.14"]
[WhiteClock "0:02:29"]
[BlackClock "0:02:36"]

1. e4 c5 2. a3 g6 3. b4 Bg7 4. Nc3 d6 5. bxc5 dxc5 6. Bb5+ Bd7 7. Rb1 a6 8. Bxd7+ Qxd7 9. Nge2 e6 10. O-O Ne7 11. Na4 Qxa4 12. Rxb7 Qc6 13. Rb1 Qxe4 0-1


[Site "https://www.chess.com"]

[Event "Titled Tuesday Blitz February 14 Late 2023"]
[White "Martinez Reyes, Pedro Ramon"]
[Black "Cardozo Munar, Carlos Eduardo"]
[WhiteFideId "3901807"]
[BlackFideId "4409477"]
[WhiteElo "2376"]
[BlackElo "2043"]
[Result "1-0"]
[Round "01"]
[TimeControl "180+2"]
[Date "2023.02.14"]
[WhiteClock "0:01:00"]
[BlackClock "0:00:50"]

1. c4 Nf6 2. Nc3 g6 3. g3 Bg7 4. Bg2 O-O 5. Nf3 d6 6. d4 Nbd7 7. O-O c5 8. d5 Rb8 9. e4 a6 10. a4 Nb6 11. Qe2 Bg4 12. h3 Bxf3 13. Bxf3 Na8 14. h4 Nc7 15. h5 Qd7 16. a5 b5 17. axb6 Rxb6 18. Kg2 e6 19. Rh1 exd5 20. exd5 Re8 21. Qd3 Re7 22. Bg5 Rxb2 23. Rab1 Rxb1 24. Rxb1 Re8 25. h6 Bh8 26. Rb6 Ra8 27. Qb1 Nce8 28. Rb7 Qf5 29. Qxf5 gxf5 30. Na4 Ng4 31. Be2 Bf6 32. Bf4 Be5 33. Bxg4 Bxf4 34. Bh5 Bxh6 35. Bxf7+ Kh8 36. Be6 f4 37. Nb6 Rd8 38. Ra7 fxg3 39. fxg3 Ng7 40. Bg4 Rg8 41. Rxa6 Ne8 42. Be6 Rg6 43. Ra8 Bf4 44. Rxe8+ Kg7 45. Rg8+ Kf6 46. Rxg6+ hxg6 47. gxf4 g5 48. Nd7+ Kg6 49. f5+ Kg7 50. f6+ Kg6 51. f7 Kg7 52. f8=Q+ Kg6 53. Qf7+ Kh6 54. Nf6 g4 55. Qh5+ Kg7 56. Nxg4 Kf8 57. Qf7# 1-0


[Site "https://www.chess.com"]

[Event "Titled Tuesday Blitz February 14 Late 2023"]
[White "Sailer, Mike"]
[Black "Perera Alfonso, Rene Humberto"]
[WhiteFideId "2012901"]
[BlackFideId "3514722"]
[WhiteElo "2109"]
[BlackElo "2320"]
[Result "0-1"]
[Round "01"]
[TimeControl "180+2"]
[Date "2023.02.14"]
[WhiteClock "0:00:36"]
[BlackClock "0:01:35"]

1. d4 d5 2. Bg5 h6 3. Bh4 c6 4. e3 Qb6 5. Qc1 e5 6. Nf3 e4 7. Nfd2 Be7 8. Bxe7 Nxe7 9. Be2 O-O 10. O-O f5 11. f4 Be6 12. c4 Nd7 13. Nc3 Kh7 14. a3 Rg8 15. b4 g5 16. b5 gxf4 17. Rxf4 Ng6 18. Rf1 f4 19. bxc6 bxc6 20. Rb1 Qc7 21. cxd5 cxd5 22. Nb5 Qxc1 23. Rbxc1 fxe3 24. Nb3 Rac8 25. Nxa7 Rxc1 26. Rxc1 Nf4 27. Bb5 Rxg2+ 28. Kh1 Rb2 29. Bxd7 Bxd7 30. Nc5 Bg4 31. Nd7 Bf3+ 32. Kg1 Ne2+ 33. Kf1 Nxc1 34. Nf6+ Kg6 35. Nxd5 e2+ 0-1


[Site "https://www.chess.com"]

[Event "Titled Tuesday Blitz February 14 Late 2023"]
[White "Chor, Kevin"]
[Black "Marcolino, Daniel Mattos"]
[WhiteFideId "2090740"]
[BlackFideId "2106841"]
[WhiteElo "1944"]
[BlackElo "2006"]
[Result "1-0"]
[Round "01"]
[TimeControl "180+2"]
[Date "2023.02.14"]
[WhiteClock "0:01:51"]
[BlackClock "0:01:04"]

1. c4 e6 2. d4 d5 3. Nc3 a6 4. cxd5 exd5 5. Nf3 Nf6 6. Bg5 Be7 7. e3 c6 8. Bd3 O-O 9. Qc2 h6 10. Bh4 Be6 11. O-O Nbd7 12. Rab1 a5 13. a3 Re8 14. Ne5 Nxe5 15. dxe5 Nd7 16. Bg3 Nc5 17. Bh7+ Kh8 18. f4 g6 19. Bxg6 fxg6 20. Qxg6 Bf8 21. f5 Bg8 22. e6 Bh7 23. Be5+ 1-0


[Site "https://www.chess.com"]

[Event "Titled Tuesday Blitz February 14 Late 2023"]
[White "Marin Masis, Jose Esteban"]
[Black "Krallis, Christos"]
[WhiteFideId "6508146"]
[BlackFideId "4298896"]
[WhiteElo "1938"]
[BlackElo "2344"]
[Result "0-1"]
[Round "01"]
[TimeControl "180+2"]
[Date "2023.02.14"]
[WhiteClock "0:00:17"]
[BlackClock "0:00:07"]

1. e4 e5 2. Nf3 Nc6 3. Bb5 Nge7 4. d4 exd4 5. Nxd4 a6 6. Ba4 Nxd4 7. Qxd4 Nc6 8. Qd3 Bb4+ 9. c3 Be7 10. O-O O-O 11. Bf4 d6 12. Nd2 Ne5 13. Qg3 Ng6 14. Be3 Bh4 15. Qf3 Bg5 16. Qe2 Bxe3 17. Qxe3 Bd7 18. Bc2 Re8 19. Nf3 Qe7 20. Rfe1 Bg4 21. h3 Bxf3 22. Qxf3 Qg5 23. Re3 Re7 24. Rae1 Rae8 25. Qg3 Qxg3 26. Rxg3 h5 27. Bb3 h4 28. Rxg6 Rxe4 29. Rxe4 Rxe4 30. Rg4 Re2 31. Rxh4 c6 32. Rb4 b5 33. Rf4 d5 34. Kh2 Rxb2 35. Kg3 a5 36. Rd4 a4 37. Bd1 Rxa2 38. Bf3 Ra3 39. Rd3 b4 40. Rd4 bxc3 41. Bd1 Ra1 42. Bxa4 c5 43. Rxd5 Rxa4 44. Rxc5 Ra3 45. Rc8+ Kh7 46. f3 Kg6 47. Rc6+ f6 48. Rc5 Rb3 49. h4 Kf7 50. h5 Ke6 51. f4 Kd6 52. Rc8 Kd5 53. Kg4 Kd4 54. g3 Rb4 55. Rd8+ Ke3 56. Rc8 Kd3 57. Kf5 Rc4 58. Rd8+ Ke2 59. Kg6 c2 60. Re8+ Kf2 61. Kxg7 c1=Q 62. h6 Rc7+ 63. Kg6 Qc2+ 64. f5 Kxg3 65. Re3+ Kf4 66. Rh3 Qxf5# 0-1


[Site "https://www.chess.com"]

[Event "Titled Tuesday Blitz February 14 Late 2023"]
[White "Brilej, Jaka"]
[Black "Bongo Akanga Ndjila, Barthelemy"]
[WhiteFideId "14618818"]
[BlackFideId "10609431"]
[WhiteElo "2321"]
[BlackElo "1824"]
[Result "1-0"]
[Round "01"]
[TimeControl "180+2"]
[Date "2023.02.14"]
[WhiteClock "0:00:53"]
[BlackClock "0:00:13"]

1. e4 e6 2. d4 d5 3. Bd3 Nf6 4. e5 Nfd7 5. Nf3 c5 6. c3 Nc6 7. O-O a6 8. Qe2 b5 9. Bg5 Be7 10. Bxe7 Qxe7 11. Nbd2 Bb7 12. Rac1 h6 13. Rfe1 O-O 14. Qe3 Rae8 15. Nf1 f6 16. exf6 Rxf6 17. Ng3 e5 18. dxe5 Ndxe5 19. Nxe5 Nxe5 20. Bb1 Re6 21. Kf1 Nc4 22. Qxe6+ Qxe6 23. Rxe6 Rxe6 24. b3 Nd2+ 25. Kg1 Nxb1 26. Rxb1 d4 27. cxd4 cxd4 28. Rd1 Rd6 29. Nf5 Rd5 30. Ne7+ Kf7 31. Nxd5 Bxd5 32. Rxd4 Ke6 33. f4 Kd6 34. b4 Ke6 35. Kf2 Bxa2 36. Ke3 Bc4 37. g4 g6 38. Rd8 Kf6 39. Ra8 g5 40. Rxa6+ Kf7 41. Rxh6 gxf4+ 42. Kxf4 Kg7 43. g5 Bf7 44. h4 Bg6 45. Rxg6+ Kxg6 46. Kg4 Kg7 47. h5 1-0


[Site "https://www.chess.com"]

[Event "Titled Tuesday Blitz February 14 Late 2023"]
[White "Gurevich, Ilya"]
[Black "Sonnenschein, Philipp"]
[WhiteFideId "2000628"]
[BlackFideId "16250877"]
[WhiteElo "2586"]
[BlackElo "2224"]
[Result "1-0"]
[Round "01"]
[TimeControl "180+2"]
[Date "2023.02.14"]
[WhiteClock "0:00:07"]
[BlackClock "0:00:09"]

1. d4 Nf6 2. c4 e6 3. Nf3 d5 4. Nc3 Bb4 5. Bg5 h6 6. Bxf6 Qxf6 7. e3 O-O 8. Bd3 dxc4 9. Bxc4 c5 10. O-O Nc6 11. Ne4 Qf5 12. Bd3 c4 13. Bc2 Qa5 14. a3 Be7 15. Qe2 b5 16. Rfd1 Bb7 17. Ne5 Qc7 18. Qh5 f5 19. Nc3 Nxe5 20. dxe5 Bc6 21. Qg6 Qxe5 22. Ne2 Rf6 23. Qg3 Qxb2 24. Nd4 Bd5 25. Rab1 Qxa3 26. Rxb5 Qd6 27. Nxf5 Qxg3 28. Nxe7+ Kf7 29. hxg3 Kxe7 30. e4 Bc6 31. Rc5 Rc8 32. Rxc4 Bd7 33. Rcd4 Bb5 34. e5 Rff8 35. Ba4 Bxa4 36. Rxa4 Rc7 37. Rda1 Ra8 38. Ra6 Kd7 39. Rd6+ Ke7 40. Raa6 Rb8 41. Rxe6+ Kf7 42. Rec6 Rxc6 43. Rxc6 a5 44. Rc7+ Kg6 45. Ra7 Rb5 46. e6 Re5 47. e7 Kf7 48. Kh2 Rxe7 49. Rxa5 g5 50. Ra3 Kg6 51. g4 Re2 52. f3 Rb2 53. Kg3 Rb4 54. Ra6+ Kg7 55. Kf2 Rb2+ 56. Kg3 Rc2 57. Re6 Rb2 58. Re7+ Kg6 59. Re1 Rc2 60. Rf1 Rc3 61. Rf2 Rc4 62. Re2 Rc3 63. Kf2 Rc1 64. Ke3 Rc3+ 65. Kd4 Rc1 66. Kd5 Ra1 67. Re6+ Kg7 68. Ke4 Ra2 69. Kf5 Ra5+ 70. Re5 Ra7 71. Rb5 Rc7 72. Rd5 Rf7+ 73. Ke6 Ra7 74. Rd7+ Rxd7 75. Kxd7 Kf6 76. Kd6 Kf7 77. Ke5 Ke7 78. Kf5 Kf7 79. g3 Kg7 80. Ke6 Kg6 81. Ke7 Kg7 82. f4 gxf4 83. gxf4 Kg6 84. Ke6 h5 85. gxh5+ Kxh5 86. f5 Kg5 87. f6 Kf4 88. f7 Ke4 89. f8=Q Kd4 90. Qf5 Kc4 91. Qd5+ 1-0


[Site "https://www.chess.com"]

[Event "Titled Tuesday Blitz February 14 Late 2023"]
[White "Urbina Perez, Juan Antonio"]
[Black "Levine, David"]
[WhiteFideId "2217368"]
[BlackFideId "2011611"]
[WhiteElo "2266"]
[BlackElo "2040"]
[Result "0-1"]
[Round "01"]
[TimeControl "180+2"]
[Date "2023.02.14"]
[WhiteClock "0:00:10"]
[BlackClock "0:00:27"]

1. e4 e5 2. Nf3 Nc6 3. Bc4 Nf6 4. d3 h6 5. a4 d6 6. a5 a6 7. O-O g5 8. c3 Bg7 9. b4 O-O 10. Be3 d5 11. exd5 Nxd5 12. Bc5 Re8 13. Qb3 Be6 14. Re1 Nf4 15. Bxe6 Rxe6 16. Na3 Qxd3 17. Rad1 Qf5 18. Nc4 e4 19. Ne3 Qg6 20. Nd4 Nxd4 21. Bxd4 Nd3 22. Re2 Rae8 23. Bxg7 Kxg7 24. Nd5 Rc8 25. c4 c6 26. Qc3+ Kg8 27. Nb6 Rce8 28. Nd7 f5 29. f3 Nf4 30. Re3 exf3 31. Rxe6 Rxe6 32. Kf2 fxg2 33. Qd3 Nxd3+ 34. Rxd3 f4 35. Nc5 Re8 36. Kxg2 Qh5 37. Nd7 Re2+ 38. Kh1 Qxh2# 0-1


[Site "https://www.chess.com"]

[Event "Titled Tuesday Blitz February 14 Late 2023"]
[White "Jesusesmifuerza"]
[Black "Zochowski, Kacper"]
[BlackFideId "1125494"]
[WhiteElo "2001"]
[BlackElo "2262"]
[Result "0-1"]
[Round "01"]
[TimeControl "180+2"]
[Date "2023.02.14"]
[WhiteClock "0:00:03"]
[BlackClock "0:00:18"]

1. d4 d6 2. Nc3 Nf6 3. e4 Nbd7 4. Nf3 e5 5. Bc4 Be7 6. O-O O-O 7. Qe2 c6 8. a4 a5 9. Rd1 Qc7 10. dxe5 dxe5 11. Ng5 h6 12. Nf3 Nc5 13. h3 Ne6 14. Be3 Bb4 15. Bd3 Nh5 16. g3 Nf6 17. Kg2 Bc5 18. Bxc5 Nxc5 19. Qe3 Ne6 20. Nh4 Ng5 21. g4 Ne6 22. Nf5 Nf4+ 23. Kh2 Bxf5 24. gxf5 Nh7 25. Ne2 Nxe2 26. Bxe2 Qe7 27. Qg3 Ng5 28. Bd3 Rad8 29. Rg1 Qf6 30. Rg2 Kh8 31. Rag1 Rg8 32. f4 exf4 33. Qxf4 Rd4 34. e5 Rxf4 35. exf6 Nf3+ 36. Kh1 Nxg1 37. Rxg1 gxf6 38. Re1 Rf3 0-1


[Site "https://www.chess.com"]

[Event "Titled Tuesday Blitz February 14 Late 2023"]
[White "Kleiman, Jake"]
[Black "Vargas, Mauricio"]
[WhiteFideId "2020041"]
[BlackFideId "4404572"]
[WhiteElo "2399"]
[BlackElo "2035"]
[Result "1-0"]
[Round "01"]
[TimeControl "180+2"]
[Date "2023.02.14"]
[WhiteClock "0:01:30"]
[BlackClock "0:00:13"]

1. Nf3 Nc6 2. e4 e5 3. Bc4 Bc5 4. d3 Nf6 5. c3 a6 6. O-O Ba7 7. Bb3 d6 8. Nbd2 Be6 9. Bc2 Qd7 10. a4 O-O-O 11. b4 Ne7 12. Bb3 Ng6 13. b5 a5 14. Bxe6 Qxe6 15. Nc4 Bc5 16. Nxa5 h5 17. Nb3 Bb6 18. a5 Ba7 19. b6 cxb6 20. axb6 Bxb6 21. Be3 Bxe3 22. fxe3 Kd7 23. Na5 Rb8 24. c4 Ke7 25. Rb1 Qd7 26. Rb6 Ng4 27. Qd2 Qc7 28. Rfb1 Kf6 29. h3 Qe7 30. hxg4 hxg4 31. Nh2 Ke6 32. Qf2 Rh5 33. Nxb7 g3 34. Nc5# 1-0


[Site "https://www.chess.com"]

[Event "Titled Tuesday Blitz February 14 Late 2023"]
[White "Manu_ChessExcelsior"]
[Black "Girsh, Daniel"]
[BlackFideId "30949190"]
[WhiteElo "1985"]
[BlackElo "2123"]
[Result "0-1"]
[Round "01"]
[TimeControl "180+2"]
[Date "2023.02.14"]
[WhiteClock "0:00:02"]
[BlackClock "0:01:26"]

1. e4 c6 2. d4 d5 3. exd5 cxd5 4. Bd3 Nc6 5. c3 Qc7 6. h3 Nf6 7. Nf3 g6 8. O-O Bg7 9. Re1 O-O 10. Be3 Bf5 11. Bxf5 gxf5 12. Qd2 Ne4 13. Qc1 e6 14. Bf4 Qe7 15. Nbd2 Rfc8 16. Nb3 a5 17. a4 Ra6 18. Ne5 Rb6 19. Nxc6 bxc6 20. Nxa5 c5 21. f3 cxd4 22. fxe4 dxe4 23. c4 Qc5 24. Qd2 e3 25. Bxe3 dxe3 26. Qd3 Qxa5 27. Re2 Rxb2 28. Rxb2 Bxb2 29. Rd1 Qxa4 30. Re1 Qxc4 31. Qd7 Bd4 32. Kh1 e2 33. Rxe2 Qc1+ 34. Kh2 Qg1+ 35. Kg3 Rc3+ 36. Kh4 Bf6+ 37. Kh5 Qd4 38. Qe8+ Kg7 39. Qa8 Qh4# 0-1


[Site "https://www.chess.com"]

[Event "Titled Tuesday Blitz February 14 Late 2023"]
[White "Oliveira, Tiago Batista"]
[Black "The_Sherman_Variation"]
[WhiteFideId "2108291"]
[WhiteElo "1991"]
[BlackElo "2511"]
[Result "0-1"]
[Round "01"]
[TimeControl "180+2"]
[Date "2023.02.14"]
[WhiteClock "0:00:01"]
[BlackClock "0:00:53"]

1. d4 Nf6 2. c4 b6 3. Nc3 Bb7 4. Qc2 e6 5. e4 d5 6. e5 Ne4 7. cxd5 Nxc3 8. bxc3 exd5 9. Bd3 h6 10. Ne2 c5 11. Ng3 Nc6 12. O-O Be7 13. Nf5 Kf8 14. Ba3 g6 15. Nxe7 Qxe7 16. f4 Bc8 17. f5 gxf5 18. Bxf5 Bxf5 19. Rxf5 Rg8 20. Raf1 Rg7 21. Rf6 Na5 22. Qf2 Nc4 23. Bc1 Kg8 24. Bxh6 Rh7 25. Bg5 Qc7 26. Qg3 Kh8 27. R6f4 Kg8 28. Bf6+ Kf8 29. Rg4 Ke8 30. Rg8+ Kd7 31. Rxa8 Nd2 32. Rf2 Ne4 33. Qg4+ Kc6 34. Rb2 Kb7 35. Qf4 Kxa8 36. h3 cxd4 37. Rc2 d3 38. Rc1 Qc5+ 39. Kh2 d2 40. Rd1 Qxc3 41. e6 fxe6 42. Bd4 Qxd4 43. Qf8+ Kb7 0-1


[Site "https://www.chess.com"]

[Event "Titled Tuesday Blitz February 14 Late 2023"]
[White "Bilan, Danila"]
[Black "Cruz Gomez, Miguel Angel"]
[WhiteFideId "24161918"]
[BlackFideId "5137160"]
[WhiteElo "2303"]
[BlackElo "1950"]
[Result "1-0"]
[Round "01"]
[TimeControl "180+2"]
[Date "2023.02.14"]
[WhiteClock "0:02:17"]
[BlackClock "0:01:47"]

1. d4 Nf6 2. Nf3 e6 3. g3 b6 4. Bg2 Bb7 5. O-O Be7 6. c4 O-O 7. d5 exd5 8. Nh4 g6 9. cxd5 Na6 10. d6 Bxg2 11. dxe7 Qxe7 12. Nxg2 d5 13. Nc3 c6 14. Bg5 1-0


[Site "https://www.chess.com"]

[Event "Titled Tuesday Blitz February 14 Late 2023"]
[White "Nakamura, Hikaru"]
[Black "Solon, Nathan"]
[WhiteFideId "2016192"]
[BlackFideId "2017229"]
[WhiteElo "2775"]
[BlackElo "2306"]
[Result "0-1"]
[Round "02"]
[TimeControl "180+2"]
[Date "2023.02.14"]
[WhiteClock "0:00:59"]
[BlackClock "0:00:18"]

1. Nf3 d5 2. e3 Nf6 3. c4 e6 4. b3 Bd6 5. Bb2 O-O 6. g3 Nbd7 7. Bg2 dxc4 8. bxc4 e5 9. d3 c6 10. O-O Re8 11. Nc3 Nc5 12. Na4 e4 13. dxe4 Ncxe4 14. Nc3 Qe7 15. Nd4 Nxc3 16. Bxc3 Bg4 17. Qc2 Rad8 18. Rab1 g6 19. Qb2 Ne4 20. Ba5 Rb8 21. f3 Qg5 22. Qc1 Qxa5 23. fxg4 Qe5 24. Rb3 Nc5 25. Rc3 Bf8 26. Ne2 Rbd8 27. Nf4 Bg7 28. Ra3 a6 29. h4 Qb2 30. Ra5 b6 31. Rxc5 bxc5 32. Bxc6 Qxc1 33. Rxc1 Rxe3 34. Kf2 Bd4 35. Kg2 Ra3 36. Rc2 Rb8 37. Ne2 Be5 38. Be4 Rb2 39. Rxb2 Bxb2 40. Bb1 Be5 41. g5 Kf8 42. Kf2 Ke7 43. g4 Kd6 44. h5 Bd4+ 45. Kg2 Ke5 46. Nc1 Kf4 47. Nb3 Kxg4 48. hxg6 hxg6 49. Kf1 Kxg5 50. Ke2 Kf4 51. Kd3 f5 52. Ke2 g5 0-1


[Site "https://www.chess.com"]

[Event "Titled Tuesday Blitz February 14 Late 2023"]
[White "Firat, Burak"]
[Black "Naroditsky, Daniel"]
[WhiteFideId "6305881"]
[BlackFideId "2026961"]
[WhiteElo "2456"]
[BlackElo "2618"]
[Result "0-1"]
[Round "02"]
[TimeControl "180+2"]
[Date "2023.02.14"]
[WhiteClock "0:01:58"]
[BlackClock "0:01:19"]

1. e4 c5 2. Nf3 d6 3. d4 cxd4 4. Nxd4 Nf6 5. Nc3 a6 6. Bg5 Nbd7 7. Qe2 e6 8. f4 Qc7 9. O-O-O b5 10. f5 b4 11. fxe6 bxc3 12. exd7+ Bxd7 13. Bxf6 gxf6 14. Qf3 Rb8 15. b3 Qc5 16. Kb1 Bg4 0-1


[Site "https://www.chess.com"]

[Event "Titled Tuesday Blitz February 14 Late 2023"]
[White "Yu, Yangyi"]
[Black "Gascon Del Nogal, Jose Rafael"]
[WhiteFideId "8603820"]
[BlackFideId "3902463"]
[WhiteElo "2729"]
[BlackElo "2459"]
[Result "1-0"]
[Round "02"]
[TimeControl "180+2"]
[Date "2023.02.14"]
[WhiteClock "0:00:51"]
[BlackClock "0:00:01"]

1. Nf3 d5 2. g3 Nd7 3. d4 Nb6 4. Bg2 Bf5 5. Nh4 e6 6. Nxf5 exf5 7. b3 Nf6 8. c4 Bb4+ 9. Bd2 Bxd2+ 10. Qxd2 O-O 11. O-O c6 12. cxd5 Nbxd5 13. Nc3 Nxc3 14. Qxc3 Re8 15. e3 a5 16. Rfd1 Qd6 17. a3 h5 18. b4 axb4 19. Qxb4 Qxb4 20. axb4 Ne4 21. Bxe4 fxe4 22. b5 Rxa1 23. Rxa1 cxb5 24. Rb1 g6 25. Rxb5 Re7 26. h3 Kf8 27. g4 h4 28. f3 exf3 29. Kf2 Rc7 30. Kxf3 f6 31. g5 fxg5 32. Kg4 Re7 33. Rb3 Rd7 34. Kxg5 Kg7 35. Rb6 Rd5+ 36. Kxh4 Rd7 37. Kg5 Rd5+ 38. Kf4 Rd7 39. Rb4 Kh6 40. e4 Kh5 41. e5 Kh4 42. e6 1-0


[Site "https://www.chess.com"]

[Event "Titled Tuesday Blitz February 14 Late 2023"]
[White "Haydon, David L"]
[Black "Mamedov, Rauf"]
[WhiteFideId "415405"]
[BlackFideId "13401653"]
[WhiteElo "2253"]
[BlackElo "2646"]
[Result "0-1"]
[Round "02"]
[TimeControl "180+2"]
[Date "2023.02.14"]
[WhiteClock "0:00:34"]
[BlackClock "0:00:35"]

1. d4 Nf6 2. Nf3 g6 3. c4 Bg7 4. Nc3 d6 5. g3 O-O 6. Bg2 Nbd7 7. O-O e5 8. Qc2 exd4 9. Nxd4 Nb6 10. b3 c5 11. Nf3 Bf5 12. Qd2 d5 13. Nh4 Be6 14. cxd5 Nfxd5 15. Nxd5 Bxa1 16. Nf4 Qxd2 17. Bxd2 Bf6 18. Nxe6 fxe6 19. Bxb7 Rad8 20. Be3 Rf7 21. Ba6 Bd4 22. Nf3 Bxe3 23. fxe3 Kg7 24. Rc1 Nd5 25. Rxc5 Nxe3 26. Kf2 Ng4+ 27. Kg2 Rd1 28. h3 Ne3+ 29. Kf2 Nd5 30. Bc4 Rc1 31. Rc6 Nb6 32. Rxe6 Nxc4 33. bxc4 Rxc4 34. Re3 Rc2 35. a3 Ra2 36. g4 Kf8 37. Rb3 Re7 38. Nd4 Re4 39. Rd3 Kf7 40. Kf3 Re5 41. e4 Ra5 0-1


[Site "https://www.chess.com"]